 Dungeon Crawl Stone Soup version 0.20-a0-1086-g4bd2f5b (webtiles) character file.

3228 Fin the Unseen (level 9, -21/42 HPs)
             Began as a Spriggan Enchanter on May 1, 2017.
             Was an Initiate of Dithmenos.
             Demolished by an apocalypse crab (23 damage)
             ... on level 2 of the Abyss.
             The game lasted 00:32:59 (10555 turns).

Fin the Unseen (Spriggan Enchanter)                Turns: 10555, Time: 00:33:01

Health: -21/42     AC:  7    Str: 10    XL:     9   Next: 66%
Magic:  5/19       EV: 20    Int: 17    God:    Dithmenos [......]
Gold:   309        SH:  0    Dex: 16    Spells: 9/21 levels left

rFire    . . .     SeeInvis +   l - +3 dagger
rCold    . . .     Gourm    .   (shield restricted)
rNeg     . . .     Faith    .   d - +2 robe {MR+}
rPois    +         Spirit   .   (helmet restricted)
rElec    .         Reflect  .   n - +2 cloak
rCorr    .         Harm     .   (gloves unavailable)
MR       ++...                  (boots unavailable)
Stlth    +++++++...             j - amulet of regeneration
Regen    0.6/turn               f - ring of stealth
MPRegen  0.2/turn               w - ring of poison resistance

@: mighty, very quick
A: unfitting armour, see invisible, clumsy 1, herbivore 3, speed 3, slow
metabolism 2
a: Renounce Religion


You were on level 2 of the Abyss.
You worshipped Dithmenos.
Dithmenos was noncommittal.
You were not hungry.

You visited 2 branches of the dungeon, and saw 9 of its levels.
You visited the Abyss 1 time.
You also visited: Sewer.

You collected 495 gold pieces.
You spent 186 gold pieces at shops.

Inventory:

Hand Weapons
 a - a +1 dagger
 l - a +3 dagger (weapon)
Armour
 d - a +2 robe of magic resistance (worn)
 n - a +2 cloak (worn)
Jewellery
 e - an uncursed ring of ice
 f - a ring of stealth (left hand)
 j - an amulet of regeneration (around neck)
 o - an uncursed ring of stealth
 w - a ring of poison resistance (right hand)
Wands
 b - a wand of digging (12/24)
 A - a wand of digging (14/24)
 B - a wand of iceblast (7/15)
 D - a wand of iceblast (11/15)
Scrolls
 g - 6 scrolls of identify
 k - 2 scrolls of amnesia
 r - a scroll of teleportation
 t - 2 scrolls of magic mapping
Potions
 h - 2 potions of flight
 i - 4 potions of curing
 m - 3 potions of brilliance
 p - a potion of mutation {unknown}
 q - 2 potions of agility
 s - 4 potions of heal wounds
 u - a potion of magic
 v - a potion of haste
Books
 c - a book of Maledictions

   Spells                             Type                      Level
   a - Corona                         Hexes                        1
   b - Ensorcelled Hibernation        Hexes/Ice                    2
   c - Confuse                        Hexes                        3
   d - Tukima's Dance                 Hexes                        3
   e - Dazzling Spray                 Conjuration/Hexes            3
 y - a book of Misfortune

   Spells                             Type                      Level
   a - Confusing Touch                Hexes                        1
   b - Confuse                        Hexes                        3
   c - Gell's Gravitas                Translocation                3
   d - Petrify                        Transmutation/Earth          4
   e - Metabolic Englaciation         Hexes/Ice                    5
   f - Yara's Violent Unravelling     Hexes/Transmutation          5
Comestibles
 x - 7 fruits
 z - a royal jelly


   Skills:
 + Level 1.7 Fighting
 + Level 2.9 Short Blades
 + Level 4.7 Dodging
 + Level 15.6 Stealth
 + Level 6.5 Spellcasting
 + Level 7.7 Hexes


You had 9 spell levels left.
You knew the following spells:

 Your Spells              Type           Power        Failure   Level  Hunger
a - Ensorcelled Hibernat  Hex/Ice        ###...       3%          2    None
b - Corona                Hex            ####...      1%          1    None
c - Confuse               Hex            ####....     1%          3    ##.....
d - Tukima's Dance        Hex            ####....     1%          3    ##.....
e - Dazzling Spray        Conj/Hex       ###...       8%          3    ##.....


Dungeon Overview and Level Annotations

Branches:
Dungeon (8/15)             Temple (1/1) D:7
   Lair: D:8-11

Altars:
Ashenzari
Cheibriados
Dithmenos
Elyvilon
Fedhas
Gozag
Hepliaklqana
Kikubaaqudgha
Makhleb
Nemelex Xobeh
Okawaru
Qazlal
Ru
Sif Muna
Trog
Uskayaw
Vehumet
Wu Jian
Xom
Yredelemnul
Zin
The Shining One

Shops:
D:5 *?[:}   D:6 :

Annotations:
D:8 Psyche


Innate Abilities, Weirdness & Mutations

You are very small and have problems with some larger weapons.
You are too small for most types of armour.
You have supernaturally acute eyesight. (SInv)
You are a herbivore.
You cover ground extremely quickly.
You need consume almost no food.
You are clumsy. (Dex -2)


Message History

You are engulfed in flames!
* * * LOW HITPOINT WARNING * * *
You are too injured to fight recklessly!
You are too injured to fight recklessly!
Casting: Confuse
Confirm with . or Enter, or press ? or * to list all spells.
You can't see any susceptible monsters within range! (Use Z to cast anyway.) Unknown command.
Casting: Confuse
Confirm with . or Enter, or press ? or * to list all spells.
Aiming: Confuse
Press: ? - help, Shift-Dir - straight line, f/p - apocalypse crab
Aim: an apocalypse crab (lightly wounded, chance to defeat MR: 26%)
The apocalypse crab easily resists.
The apocalypse crab completely misses you.
The apocalypse crab claws you!
* * * LOW HITPOINT WARNING * * *
The apocalypse crab freezes you!!
Ouch! That really hurt!
You die...

## .# ####
## .###.##.
#.#. .#..#.#
#..##..#.#.#
#..#....##.
#@#.# #.#.#
#t#..##. ..#
#..####
..#.# #.#. #
#.# #### . .
#. ... .# .
#..# # # # #
# # #. #
.#.#


You could see an apocalypse crab.

Vanquished Creatures
  A two-headed ogre (D:8)
  Eustachio (D:4)
  A large abomination (Abyss:2)
  A water moccasin (D:5)
  A hell hound (Abyss:1)
  A sky beast (D:5)
  2 phantoms
  An ice beast (D:7)
  An ogre (D:6)
  A small abomination (Abyss:1)
  A crocodile (D:7)
  A big kobold (Sewer)
  3 bullfrogs
  4 scorpions
  4 wights (D:6)
  A howler monkey (D:6)
  A crimson imp (D:4)
  A jelly (D:5)
  2 hounds
  2 bullfrog skeletons
  An orc priest (D:7)
  Jessica (D:2)
  5 orc wizards
  2 iguanas
  2 worker ants
  3 hound skeletons
  A howler monkey zombie (D:5)
  A gnoll (D:4)
  8 river rats (Sewer)
  10 adders
  A shadow imp (D:6)
  2 oozes
  An adder skeleton (D:4)
  3 dart slugs
  2 worms
  2 leopard geckos
  18 orcs
  7 ball pythons
  17 bats
  8 giant cockroaches
  7 goblins
  6 hobgoblins
  7 jackals
  3 quokkas
  5 frilled lizards
  2 jackal skeletons
  23 kobolds
  2 leopard gecko skeletons
  2 leopard gecko zombies
  20 rats
203 creatures vanquished.

Vanquished Creatures (collateral kills)
  2 gnolls (D:4)
2 creatures vanquished.

Grand Total: 205 creatures vanquished

Notes
Turn   | Place    | Note
-------+----------+-------------------------------------------
     0 | D:1      | Fin the Spriggan Enchanter began the quest for the Orb.
     0 | D:1      | Reached XP level 1. HP: 9/9 MP: 5/5
   642 | D:1      | Reached XP level 2. HP: 13/13 MP: 7/7
   646 | D:1      | Learned a level 2 spell: Ensorcelled Hibernation
  1442 | D:1      | Reached XP level 3. HP: 13/16 MP: 8/8
  1447 | D:1      | Learned a level 3 spell: Confuse
  1853 | D:2      | Noticed Jessica
  2011 | D:2      | Reached skill level 5 in Hexes
  2014 | D:2      | Killed Jessica
  2014 | D:2      | Reached XP level 4. HP: 21/21 MP: 3/10
  2275 | D:1      | Learned a level 3 spell: Tukima's Dance
  3587 | D:3      | Reached XP level 5. HP: 24/24 MP: 2/12
  4326 | D:4      | Reached skill level 5 in Spellcasting
  4454 | D:4      | Noticed Eustachio
  4474 | D:4      | Killed Eustachio
  4474 | D:4      | Reached XP level 6. HP: 27/28 MP: 9/15
  4563 | D:4      | Reached skill level 5 in Stealth
  4618 | D:4      | Found a glowing drain.
  4644 | Sewer    | Entered a sewer
  5051 | Sewer    | Reached skill level 6 in Stealth
  5314 | Sewer    | Reached XP level 7. HP: 20/32 MP: 11/16
  5364 | Sewer    | Learned a level 3 spell: Dazzling Spray
  5546 | Sewer    | Reached skill level 7 in Stealth
  5759 | Sewer    | Reached skill level 8 in Stealth
  6228 | D:4      | Reached skill level 9 in Stealth
  6306 | D:4      | Found a shattered altar of Ashenzari.
  6502 | D:4      | Reached skill level 10 in Stealth
  6807 | D:5      | Entered Level 5 of the Dungeon
  6807 | D:5      | Found a basalt altar of Yredelemnul.
  6819 | D:5      | Found Icaist's Assorted Antiques.
  6841 | D:5      | Bought a runed dagger for 110 gold pieces
  6895 | D:5      | Found a glowing golden altar of the Shining One.
  6922 | D:5      | Reached XP level 8. HP: 36/36 MP: 4/17
  7198 | D:5      | Reached skill level 11 in Stealth
  7199 | D:5      | Found Fawyac's Book Emporium.
  7283 | D:5      | Found Pomit's Magic Scroll Emporium.
  7293 | D:5      | Bought a scroll of magic mapping for 38 gold pieces
  7293 | D:5      | Bought a scroll of magic mapping for 38 gold pieces
  7351 | D:5      | Found Huubuf's Armour Boutique.
  7369 | D:5      | Found a blossoming altar of Fedhas.
  7374 | D:5      | Found a basalt altar of Yredelemnul.
  7457 | D:5      | Found Camufugo's Gadget Boutique.
  7476 | D:5      | Reached skill level 12 in Stealth
  7614 | D:6      | Reached skill level 13 in Stealth
  7991 | D:6      | Reached skill level 14 in Stealth
  8144 | D:6      | Found Egesaloxt's Book Shoppe.
  8904 | D:7      | Reached XP level 9. HP: 39/39 MP: 14/18
  9181 | D:7      | Reached skill level 15 in Stealth
  9235 | D:7      | Found a deep blue altar of Sif Muna.
  9436 | D:7      | Found a staircase to the Ecumenical Temple.
  9447 | Temple   | Entered the Ecumenical Temple
  9499 | Temple   | Became a worshipper of Dithmenos the Shadowed
  9653 | D:7      | Found a white marble altar of Elyvilon.
  9769 | D:8      | Noticed a two-headed ogre
  9772 | D:8      | Noticed Psyche
  9778 | D:8      | Killed a two-headed ogre
  9778 | D:8      | Reached skill level 1 in Fighting
  9802 | D:8      | Cast into level 1 of the Abyss (Psyche)
  9831 | Abyss:1  | Noticed a bone dragon
  9990 | Abyss:1  | Found a corrupted altar of Lugonu.
 10002 | Abyss:1  | Noticed a starcursed mass
 10002 | Abyss:1  | Noticed an apocalypse crab
 10012 | Abyss:1  | Found a corrupted altar of Lugonu.
 10028 | Abyss:1  | Noticed a large abomination
 10039 | Abyss:1  | Noticed a tentacled starspawn
 10106 | Abyss:1  | Noticed a bone dragon
 10166 | Abyss:1  | Noticed a profane servitor
 10252 | Abyss:1  | Noticed a cyan very ugly thing
 10274 | Abyss:1  | Gained mutation: You are clumsy. (Dex -2) [a neqoxec]
 10294 | Abyss:1  | Noticed an orc sorcerer
 10326 | Abyss:2  | Noticed a shadow demon
 10356 | Abyss:2  | Noticed an ancient zyme
 10500 | Abyss:2  | Noticed an unseen horror
 10546 | Abyss:2  | Noticed an apocalypse crab
 10555 | Abyss:2  | HP: 2/42 [apocalypse crab (10)]
 10555 | Abyss:2  | Demolished by an apocalypse crab

Vault maps used:
D:1:      onia_arrival_mini_maze_b
D:2:      first_bread, uniq_jessica
D:3:      roderic_batcave
D:4:      ashenzari_conservatory_becter, gup_sewer_entry_glass, uniq_eustachio
D:5:      minitemple, serial_shops, kennysheep_mini_moat, shop, shop_fountains,
          shop, kennysheep_mini, yredelemnul_altar_generic
D:6:      serial_shops, nicolae_shop_competitors_out_of_business
D:7:      elyvilon_altar_1, lemuel_doored_altar, minmay_temple_entry_fiery
D:8:      the_bakery, uniq_psyche
Temple:   nicolae_temple_elliptical
Abyss:1:  hangedman_decor_peaks_small
Sewer:    sewer_minmay_treatment

Skill      XL: |  1  2  3  4  5  6  7  8  9 |
---------------+----------------------------+-----
Spellcasting   | 3 4 5 6 |  6.5
Hexes          | 4 5 7 |  7.7
Stealth        | 6 10 14 15 | 15.6
Fighting       | 1 |  1.7
Short Blades   | 2 |  2.9
Dodging        | 4 |  4.7

Action                   |  1- 3 |  4- 6 |  7- 9 || total
-------------------------+-------+-------+-------++-------
Melee: Dagger            |   125 |   212 |   301 ||   638
 Cast: Corona            |     8 |       |       ||     8
       Ensorcelled Hiber |    14 |    55 |    52 ||   121
       Confuse           |     1 |     8 |    41 ||    50
       Tukima's Dance    |       |       |     2 ||     2
       Dazzling Spray    |       |       |     6 ||     6
  Use: Scroll            |       |    12 |    12 ||    24
       Potion            |       |     1 |       ||     1
 Stab: Sleeping          |    16 |    52 |    57 ||   125
       Confused          |     1 |     5 |    12 ||    18
       Distracted        |       |       |     3 ||     3
       Invisible         |       |       |     1 ||     1
  Eat: Bread ration      |       |     1 |     1 ||     2
       Fruit             |       |       |     1 ||     1
Armor: Robe              |    29 |    49 |    38 ||   116
Dodge: Dodged            |   127 |   253 |   227 ||   607
